 Dungeon Crawl Stone Soup version 0.20.0-15-g7f486f2 (webtiles) character file.

186 angvis the Poker (level 5, 0/48 HPs)
             Began as a Minotaur Berserker on June 26, 2017.
             Was a Believer of Trog.
             Killed by nerve-wracking pain
             ... invoked by an orc priest
              (14 damage)
             ... on level 3 of the Dungeon.
             The game lasted 00:06:17 (1778 turns).

angvis the Poker (Minotaur Berserker)               Turns: 1778, Time: 00:06:18

Health: 0/48       AC:  6    Str: 21    XL:     5   Next: 38%
Magic:  4/4        EV: 12    Int:  4    God:    Trog [**....]
Gold:   87         SH:  0    Dex: 11    Spells: 4/4 levels left

rFire    . . .     SeeInvis .   q - +0 halberd
rCold    . . .     Gourm    .   (shield currently unavailable)
rNeg     . . .     Faith    .   o - +0 ring mail
rPois    +         Spirit   .   (helmet restricted)
rElec    .         Reflect  .   (no cloak)
rCorr    .         Harm     .   (no gloves)
MR       .....                  m - +0 pair of boots
Stlth    +.........             (no amulet)
Regen    0.2/turn               l - ring of poison resistance
MPRegen  0.1/turn               (no ring)

@: no status effects
A: retaliatory headbutt, horns 2
a: Berserk, Trog's Hand, Burn Spellbooks, Renounce Religion


You were on level 3 of the Dungeon.
You worshipped Trog.
Trog was pleased with you.
You were not hungry.

You visited 1 branch of the dungeon, and saw 3 of its levels.

You collected 87 gold pieces.

Inventory:

Hand Weapons
 q - a +0 halberd (weapon)
Armour
 m - a +0 pair of boots (worn)
 o - a +0 ring mail (worn)
Jewellery
 l - a ring of poison resistance (left hand)
 p - a +3 ring of strength {unknown}
Scrolls
 d - a scroll of enchant armour {unknown}
 e - a scroll of enchant weapon {unknown}
 f - a scroll of noise {unknown}
 g - a scroll of identify {unknown}
 h - 2 scrolls of teleportation {unknown}
 j - a scroll of magic mapping {unknown}
Potions
 k - a potion of resistance {unknown}
 n - a potion of invisibility {unknown}
Comestibles
 b - 3 chunks of flesh
 c - 2 bread rations
 i - a meat ration


   Skills:
 + Level 5.1 Fighting
 + Level 5.9 Polearms
 + Level 2.8 Armour
 + Level 2.9 Dodging


You had 4 spell levels left.
You didn't know any spells.

Dungeon Overview and Level Annotations

Branches:
Dungeon (3/15)

Altars:
Okawaru


Innate Abilities, Weirdness & Mutations

You reflexively headbutt those who attack you in melee.
You have a pair of horns on your head.


Message History

The bat closely misses you. The bat barely misses you.
The rat bites you but does no damage. The gnoll barely misses you.
You slash the rat!
You kill the rat!
Trog accepts your kill.
The bat hits you but does no damage. x2; The bat closely misses you.
The gnoll hits you from afar with a spear.
The bat misses you. The gnoll hits you with a spear.
* * * LOW HITPOINT WARNING * * *
The orc priest casts a cantrip, but nothing happens.
An adder comes into view.
Things that are here:
a club; a gnoll skeleton You are too injured to fight recklessly!
You are too injured to fight recklessly!
The adder hisses angrily.
The bat hits you but does no damage. The gnoll barely misses you.
The orc priest mumbles some strange prayers to Beogh against you.
Pain shoots through your body!
You die...

# #. #.
####.#
...[.o##
#.g)####
#)@..#
####.bS...
..... ####


You could see an orc priest, a gnoll, an adder and a bat.

Vanquished Creatures
  An orc priest (D:2)
  4 gnolls
  8 adders (D:2)
  An ooze (D:1)
  A leopard gecko (D:1)
  3 orcs (D:3)
  2 giant cockroaches (D:1)
  5 goblins
  5 hobgoblins
  2 jackals (D:1)
  4 bats
  A frilled lizard (D:2)
  5 kobolds
  4 rats
46 creatures vanquished.

Notes
Turn   | Place    | Note
-------+----------+-------------------------------------------
     0 | D:1      | angvis the Minotaur Berserker began the quest for the Orb.
     0 | D:1      | Reached XP level 1. HP: 19/19 MP: 0/0
   108 | D:1      | Reached XP level 2. HP: 24/27 MP: 1/1
   741 | D:2      | Reached ** piety under Trog
   764 | D:2      | Reached XP level 3. HP: 25/33 MP: 2/2
  1144 | D:2      | Reached XP level 4. HP: 41/41 MP: 3/3
  1170 | D:2      | Reached skill level 5 in Polearms
  1179 | D:2      | Found an iron altar of Okawaru.
  1437 | D:3      | Reached skill level 5 in Fighting
  1445 | D:2      | Reached XP level 5. HP: 28/48 MP: 4/4
  1778 | D:3      | Killed from afar by an orc priest

Skill      XL: |  1  2  3  4 |
---------------+-------------+-----
Polearms       | 4 5 |  5.9
Fighting       | 4 5 |  5.1
Armour         | |  2.8
Dodging        | |  2.9

Action                   |  1- 3 |  4- 6 || total
-------------------------+-------+-------++-------
Melee: Spear             |    62 |    58 ||   120
       Headbutt          |     6 |     9 ||    15
       Halberd           |       |     8 ||     8
  Eat: Chunk             |     1 |     2 ||     3
Armor: Animal skin       |     5 |       ||     5
       Ring mail         |     2 |    26 ||    28
Dodge: Dodged            |    32 |    54 ||    86
